 Dungeon Crawl Stone Soup version 0.28-a0-938-gbc3f381ebc (webtiles) character file.

Game seed: 12509735122518362351

191 porpoise the Magician (level 5, -2/28 HPs)
             Began as a Deep Elf Conjurer on Nov 29, 2021.
             Slain by a killer bee zombie (3 damage)
             ... on level 4 of the Dungeon.
             The game lasted 00:07:25 (3772 turns).

porpoise the Magician (Deep Elf Conjurer)           Turns: 3772, Time: 00:07:25

Health: -2/28      AC:  2    Str:  4    XL:     5   Next: 42%
Magic:  15/15      EV: 12    Int: 24    God:
Gold:   85         SH:  0    Dex: 13    Spells: 4/15 levels left

rFire   . . .      SeeInvis .   a - +2 dagger (venom)
rCold   . . .      Faith    .   (no shield)
rNeg    . . .      Spirit   .   b - +0 robe
rPois   .          Reflect  .   (no helmet)
rElec   .          Harm     .   (no cloak)
rCorr   .          Rampage  .   (no gloves)
Will    .....                   (no boots)
Stlth   +.........              (no amulet)
HPRegen 0.09/turn               k - +4 ring of slaying
MPRegen 0.14/turn               (no ring)

@: confused, ambrosia-drunk
A: no striking features
a: no special abilities


You were on level 4 of the Dungeon.
You visited 1 branch of the dungeon, and saw 4 of its levels.

You collected 85 gold pieces.

Inventory:

Hand Weapons
 a - a +2 dagger of venom (weapon)
Missiles
 d - 10 stones
 m - 21 sling bullets
Armour
 b - a +0 robe (worn)
Magical Staves
 e - a staff of cold
Jewellery
 k - a +4 ring of slaying (left hand)
Scrolls
 c - a scroll of brand weapon {unknown}
 g - 3 scrolls of identify {unknown}
 h - a scroll of fog {unknown}
 l - a scroll of silence {unknown}
Potions
 i - a potion of mutation {unknown}
 j - a potion of curing {unknown}
 n - a potion of lignification {unknown}
 o - a potion of flight {unknown}
 p - a potion of resistance {unknown}


   Skills:
 - Level 2.4 Dodging
 - Level 2.4 Stealth
 + Level 5.8 Spellcasting
 - Level 5.3 Conjurations
 + Level 3.1 Hexes


You had 4 spell levels left.
You knew the following spells:

 Your Spells              Type           Power      Damage    Failure   Level
a - Magic Dart            Conj           100%       1d8       1%          1
b - Searing Ray           Conj           64%        2d6       1%          2
c - Fulminant Prism       Conj/Hex       13%        3d9       14%         4
d - Iskenderun's Mystic   Conj/Tloc      19%        2d6       26%         4

Your spell library contained the following spells:

 Spells                   Type           Power      Damage    Failure   Level
 Dazzling Flash           Conj/Hex       54%        N/A       4%          3
 Poisonous Vapours        Pois/Air       12%        N/A       12%         2
 Mephitic Cloud           Conj/Pois/Air  15%        N/A       12%         3
 Spider Form              Tmut/Pois      6%         N/A       24%         3
 Olgreb's Toxic Radiance  Pois           6%         N/A       63%         4
 Alistair's Intoxication  Tmut/Pois      4%         N/A       92%         5


Dungeon Overview and Level Annotations

Branches:
Dungeon (4/15)
 Temple: D:4-7

Altars:


Message History

The orc wizard shouts!
The orc shouts!
You hear a shout!
Found a scroll labelled MOPLYSM LIABB.
Found a stone staircase leading up.
There is a stone staircase leading up here.
There are monsters nearby!
Casting: Magic Dart (safe; 1% risk of failure)
Confirm with . or Enter, or press ? or * to list all spells.
Aiming: Searing Ray (safe; 1% risk of failure)
Press: ? - help, Shift-Dir - straight line, f - orc wizard
Aim: an orc wizard, wielding a +0 dagger and wearing a +0 robe (wandering, hasn't noticed you, 76% to hit)
The searing ray hits the orc wizard!
The orc wizard is almost dead.
The orc wizard shouts! (Press . to maintain the ray.)
The orc wizard casts a spell at you. The magic dart hits you!
The orc wizard casts a spell at you.
You are confused.
A water moccasin skeleton comes into view.
A hobgoblin comes into view.
You're too confused to cast spells.
The killer bee zombie hits you.
Okay, then.
Unknown command.
The orc wizard points at you and mumbles some strange words.
You are more confused.
A hobgoblin comes into view.
The water moccasin skeleton bites you. The orc wizard casts a spell at you.
The magic dart hits you!
* * * LOW HITPOINT WARNING * * *
It was a potion of ambrosia.
You are more confused.
You feel invigorated.
The hobgoblin shouts!
The killer bee zombie closely misses you.
The orc wizard casts a spell at you. The puff of flame hits you.
* * * LOW HITPOINT WARNING * * *
The orc misses you. The killer bee zombie hits you.
You die...

#..#... .g.. ..
#.......... ...
...?......##...
#..............
...........
#...#... ..
..##..Zo.# ....
.....<.@o##..g..
####...oZ.......
####<........
#Z........
....#.....
....##....#
...... ####
........
.......#.


You could see 2 orc wizards, an orc, a killer bee zombie, a hobgoblin and 2
water moccasin skeletons.

Vanquished Creatures
  A sky beast (D:3)
  A gnoll (D:1)
  An adder (D:2)
  3 worms (D:2)
  2 dart slugs
  5 bats
  6 endoplasms
  4 giant cockroaches
  4 goblins
  6 hobgoblins
  4 jackals (D:1)
  3 quokkas
  6 ball pythons
  12 frilled lizards
  6 kobolds
  4 rats
68 creatures vanquished.

Vanquished Creatures (others)
  3 plants (D:3)
3 creatures vanquished.

Grand Total: 71 creatures vanquished

Notes
Turn   | Place    | Note
-------+----------+-------------------------------------------
     0 | D:1      | porpoise the Deep Elf Conjurer began the quest for the Orb.
     0 | D:1      | Reached XP level 1. HP: 10/10 MP: 6/6
   302 | D:1      | Reached XP level 2. HP: 15/15 MP: 5/8
   306 | D:1      | Learned a level 2 spell: Searing Ray
   899 | D:1      | Reached skill level 5 in Conjurations
   899 | D:1      | Reached XP level 3. HP: 19/19 MP: 5/10
  1890 | D:2      | Reached XP level 4. HP: 24/24 MP: 8/12
  1923 | D:2      | Learned a level 4 spell: Fulminant Prism
  1928 | D:2      | Learned a level 4 spell: Iskenderun's Mystic Blast
  2472 | D:3      | Noticed a sky beast
  2481 | D:3      | Killed a sky beast
  2482 | D:3      | Reached skill level 5 in Spellcasting
  2482 | D:3      | Reached XP level 5. HP: 8/28 MP: 3/15
  3051 | D:3      | Found a faded altar of an unknown god.
  3086 | D:3      | Got Sif Muna's Tome of Venom
  3772 | D:4      | HP: 1/28 [orc wizard/puff of flame (5)]
  3772 | D:4      | Slain by a killer bee zombie

Illustrated notes

Levels and vault maps discovered:
D:1:      dpeg_chamrin_arrival_tetris, layout_basic
D:2:      layout_basic
D:3:      layout_basic, basic_ecumenical_altar, minmay_lizard_king
D:4:      layout_cave_pools, minmay_temple_entry_crystal_x,
          eino_small_chamber_without_monster, uniq_robin

Skill      XL: |  1  2  3  4  5 |
---------------+----------------+-----
Spellcasting   | 4 5 |  5.8
Conjurations   | 5 |  5.3
Hexes          | 2 3 |  3.1
Dodging        | |  2.4
Stealth        | |  2.4

Action                   |  1- 3 |  4- 6 || total
-------------------------+-------+-------++-------
 Cast: Magic Dart        |    57 |    23 ||    80
       Searing Ray       |     6 |    11 ||    17
  Use: Potion            |       |     1 ||     1
Dodge: Dodged            |     6 |     3 ||     9

Table legend: (Time is in decaauts)
 A = Elapsed time spent in this place.
 B = Non-inter-level travel time spent in this place.
 C = Inter-level travel time spent in this place.
 D = Time resting spent in this place.
 E = Time spent auto-exploring this place.
 F = Levels seen in this place.
 G = Mean time per level.
                   A        B        C        D        E       F      G
               +--------+--------+--------+--------+--------+-----+--------+
         Total |   3770 |   3656 |    114 |   1262 |   2125 |   4 |  942.5 |
       Dungeon |   3770 |   3656 |    114 |   1262 |   2125 |   4 |  942.5 |
               +--------+--------+--------+--------+--------+-----+--------+

Top non-repeatable levels by time:
     D:1: 1387 daAuts
     D:3: 1332 daAuts
     D:2: 1045 daAuts
     D:4: 4 daAuts
